 Dungeon Crawl Stone Soup version 0.31-a0-355-g57cb03d3e8 (webtiles) character file.

Game seed: 3966687323710776156

1000 Zenkrye the Grappler (level 8, -3/46 HPs)
             Began as a Meteoran Shapeshifter on July 24, 2023.
             Was an Initiate of Gozag.
             Slain by an orc warrior
             ... wielding a +0 flail
              (18 damage)
             ... on level 6 of the Dungeon.
             The game lasted 00:14:35 (3711 turns).

Zenkrye the Grappler (Meteoran Shapeshifter)        Turns: 3711, Time: 00:14:35

Health: -3/46      AC:  2    Str: 19    XL:     8   Next: 71%
Magic:  9/9        EV: 12    Int: 10    God:    Gozag
Gold:   138        SH:  0    Dex: 14    Spells: 7/7 levels left

rFire   . .          .
                       - Unarmed
rCold   . . .        (no shield)
rNeg    + . .        a - +0 animal skin
rPois   .            (helmet currently unavailable)
rElec   .            (cloak currently unavailable)
rCorr   .            (gloves currently unavailable)
SInv    .            e - melded +1 pair of boots
Will    +....        (no amulet)
Stlth   +            n - ring of positive energy
HPRegen 0.27/turn    (no ring)
MPRegen 0.11/turn

%: no passive effects
@: beast-form, gold aura, glowing
A: beast (slay +4), sense surroundings 1, otherworldly, glowing, explore regen
a: Begin Untransformation, Renounce Religion, Potion Petition, Call Merchant,
Bribe Branch


You were on level 6 of the Dungeon.
You worshipped Gozag.
Gozag was aware of your devotion.
You were a hulking beast.
You visited 2 branches of the dungeon, and saw 7 of its levels.

You collected 207 gold pieces.
You paid 69 gold pieces to Gozag.

Inventory:

Hand Weapons
 t - a +1 orcbow of draining
Armour
 a - a +0 animal skin (worn)
 e - a +1 pair of boots (melded)
Jewellery
 f - a ring of fire
 n - a ring of positive energy (left hand)
Talismans
 c - a beast talisman
Wands
 b - a wand of digging (5) {@v1}
 u - a wand of roots (11)
 x - a wand of paralysis (6)
Scrolls
 g - 3 scrolls of teleportation {@r3}
 i - 3 scrolls of identify {@r1}
 j - a scroll of vulnerability {unknown}
 k - a scroll of noise {unknown}
 l - a scroll of amnesia {unknown}
 o - a scroll of enchant weapon {unknown}
 q - a scroll of poison {unknown}
 r - a scroll of acquirement {unknown}
 s - 2 scrolls of fear
 y - a scroll of silence {unknown}
Potions
 d - 2 potions of curing {unknown}
 h - 2 potions of might {@q4}
 m - a potion of enlightenment {unknown}
 p - a potion of mutation {unknown}
 v - 2 potions of ambrosia {unknown}
 w - a potion of brilliance {unknown}
 z - 2 potions of heal wounds {unknown}


   Skills:
 - Level 1.1 Fighting
 + Level 2.8 Dodging
 - Level 9.0 Unarmed Combat
 * Level 7.1 Shapeshifting


You had 7 spell levels left.
You didn't know any spells.
Your spell library contained the following spells:

 Spells                   Type           Power      Damage    Failure   Level
 Shock                    Conj/Air       0%         1d3       36%         1
 Lesser Beckoning         Tloc           0%         N/A       50%         2
 Dazzling Flash           Conj/Hex       0%         N/A       75%         3
 Gell's Gravitas          Tloc           0%         N/A       75%         3
 Swiftness                Air            0%         N/A       75%         3
 Teleport Other           Tloc           0%         N/A       75%         3
 Volatile Blastmotes      Fire/Tloc      0%         2d10      75%         3
 Airstrike                Air            0%         2d(0-16)  98%         4
 Starburst                Conj/Fire      0%         6d3       100%        6
 Maxwell's Capacitive Co  Air            0%         ∞         100%        8


Dungeon Overview and Level Annotations

Branches:
Dungeon (6/15) Zot: 177    Temple (1/1) D:5 Zot: 544

Altars:
Ashenzari
Cheibriados
Dithmenos
Elyvilon
Gozag
Hepliaklqana
Kikubaaqudgha
Makhleb
Nemelex Xobeh
Okawaru
Qazlal
Ru
Sif Muna
Trog
Uskayaw
Vehumet
Wu Jian
Xom
Yredelemnul
The Shining One

Shops:
D:3 *!?:   D:5 [

Annotations:
D:3 4 runed translucent doors, Crazy Yiuf; Soraphim's ghost, weakling DrVM
Temple 2 transporters


Innate Abilities, Weirdness & Mutations

You are a hulking beast.
Your limbs bulge with bestial killing power. (Slay +4)
You passively map a small area around you.
You are easily found by Zot.
You glow in the dark.
You regain HP and MP as you explore.


Message History

You punch the iguana! x2
You kill the iguana!
An orc warrior comes into view. It is wielding a +0 flail.
Found a sapphire potion.
The orc warrior shouts!
The orc is distracted by your dazzling golden aura.
The orc shouts!
You hit the orc.
The orc is heavily wounded.
The orc closely misses you.
You punch the orc!
You kill the orc!
You hit the orc warrior.
The orc warrior is lightly wounded.
The orc warrior barely misses you.
You hit the orc warrior but do no damage.
The orc warrior is lightly wounded.
The orc warrior hits you with a +0 flail!
You hit the orc warrior but do no damage.
The orc warrior is lightly wounded.
The orc is no longer distracted by gold.
You completely miss the orc warrior.
The orc warrior is lightly wounded.
The orc warrior closely misses you.
You hit the orc warrior but do no damage.
The orc warrior is lightly wounded.
The orc warrior hits you with a +0 flail!
You closely miss the orc warrior.
The orc warrior is lightly wounded.
The orc closely misses you.
The orc warrior hits you with a +0 flail!
You are too injured to fight recklessly!
You are too injured to fight recklessly!
You are too injured to fight recklessly!
You hit the orc warrior.
The orc warrior is moderately wounded.
The orc hits you with a +0 falchion.
The orc warrior hits you with a +0 flail!!
You die...
Your body crumbles into a pile of gold.

, , #........ *
##......## , .. ,
....^....,>
....###........ ,
* ..o....<.......
###.###........ *
,### *#.#+#####
..#...#+#.# *
$......oh.$# * *
**,
,......o.........
*
..........#####.
, ........#... ,
####.(.######*
#... , * , #...
#..! , , ,


You could see an orc warrior and an orc.

Vanquished Creatures
  Prince Ribbit (D:5)
  Duvessa (D:5)
  A centaur (D:5)
  A bullfrog (D:5)
  A gnoll sergeant (D:5)
  Dowan (D:5)
  An orc priest (D:3)
  A jelly (D:5)
  2 hounds (D:5)
  A sleepcap (D:5)
  3 iguanas
  9 gnolls
  7 adders
  An ufetubus (D:5)
  A worm (D:2)
  2 dart slugs
  6 orcs
  8 bats
  3 endoplasms
  2 giant cockroaches (D:2)
  4 goblins
  8 hobgoblins
  2 jackals
  2 quokkas
  10 ball pythons
  4 frilled lizards
  3 kobolds
  2 rats
88 creatures vanquished.

Notes
Turn   | Place    | Note
-------+----------+-------------------------------------------
     0 | D:1      | Zenkrye the Meteoran Shapeshifter began the quest for the
                  | Orb.
     0 | D:1      | Reached XP level 1. HP: 16/16 MP: 2/2
    89 | D:1      | Reached skill level 4 in Unarmed Combat
    89 | D:1      | Reached XP level 2. HP: 23/23 MP: 3/3
   300 | D:1      | Reached XP level 3. HP: 26/28 MP: 4/4
   505 | D:1      | Reached skill level 5 in Unarmed Combat
   742 | D:2      | Reached XP level 4. HP: 24/35 MP: 5/5
   893 | D:2      | Reached skill level 6 in Unarmed Combat
  1068 | D:3      | Noticed Soraphim's ghost (weakling DrVM)
  1084 | D:3      | Found a runed translucent gate.
  1084 | D:3      | Found a runed translucent gate.
  1084 | D:3      | Found a runed translucent gate.
  1108 | D:3      | Reached XP level 5. HP: 37/40 MP: 6/6
  1117 | D:3      | Found Ugolib's Book Shop.
  1147 | D:3      | Found Duahauck's Distillery.
  1300 | D:3      | Found Pemisiq's Magic Scroll Shop.
  1335 | D:3      | Found Caots's Assorted Antiques.
  1429 | D:3      | Found a runed translucent door.
  1430 | D:3      | Noticed Crazy Yiuf
  1947 | D:4      | Reached skill level 7 in Unarmed Combat
  1971 | D:4      | Reached XP level 6. HP: 26/47 MP: 7/7
  2321 | D:4      | Glimpsed the power of Zot.
  2327 | D:5      | Entered Level 5 of the Dungeon
  2337 | D:5      | Noticed Duvessa
  2354 | D:5      | Killed Duvessa
  2390 | D:5      | Noticed Dowan
  2541 | D:5      | Reached XP level 7. HP: 41/52 MP: 8/8
  2564 | D:5      | Reached skill level 8 in Unarmed Combat
  2564 | D:5      | Reached skill level 5 in Shapeshifting
  2719 | D:5      | Noticed Prince Ribbit
  2804 | D:4      | Reached XP level 8. HP: 26/59 MP: 9/9
  2929 | D:4      | Glimpsed the power of Zot.
  2978 | D:4      | Glimpsed the power of Zot.
  3017 | D:5      | Glimpsed the power of Zot.
  3027 | D:5      | Touched by the power of Zot (MHP 59 -> 47)
  3137 | D:6      | Noticed a yak
  3138 | D:6      | Noticed a yak
  3138 | D:6      | Noticed a yak
  3194 | D:5      | Found Wiynati's Antique Armour Emporium.
  3207 | D:5      | Killed Prince Ribbit
  3208 | D:5      | Reached skill level 9 in Unarmed Combat
  3270 | D:5      | Found a burning altar of Makhleb.
  3516 | D:5      | Found a staircase to the Ecumenical Temple.
  3522 | Temple   | Found a transporter.
  3522 | Temple   | Found a transporter.
  3522 | Temple   | Found a transporter.
  3522 | Temple   | Found a transporter.
  3522 | Temple   | Entered the Ecumenical Temple
  3569 | Temple   | Became a worshipper of Gozag Ym Sagoz the Greedy
  3638 | D:5      | Killed Dowan
  3711 | D:6      | Slain by an orc warrior

Illustrated notes

Levels and vault maps discovered:
D:1:      ncdulo_halloftheorcs, layout_rooms, minmay_misc_feat_roman
D:2:      layout_basic, dk_noncrumbling_4, grunt_decor_junction
D:3:      layout_rooms, gammafunk_ghost_split, serial_shops, shop,
          nicolae_shop_peninsula, nicolae_lakefront_shop, shop,
          uniq_crazy_yiuf_cottage
D:4:      layout_layer_cave
D:5:      layout_basic, kennysheep_mini, minmay_temple_entry_fiery,
          serial_shops, nicolae_shop_hallway_plus, uniq_prince_ribbit1,
          uniq_duvessa
D:6:      layout_basic, nicolae_shop_self_help
Temple:   hellmonk_temple_divided_pantheon

Skill      XL: |  1  2  3  4  5  6  7  8 |
---------------+-------------------------+-----
Unarmed Combat | 4 5 6 7 8 9 |  9.0
Shapeshifting  | 4 5 7 |  7.1
Fighting       | |  1.1
Dodging        | |  2.8

Action                     |  1- 3 |  4- 6 |  7- 9 || total
---------------------------+-------+-------+-------++-------
  Melee: Unarmed           |    81 |   143 |    85 ||   309
         Punch             |     3 |     2 |     3 ||     8
   Fire: Orcbow            |       |       |     2 ||     2
Ability: Begin Untransform |     1 |       |       ||     1
  Evoke: Wand              |       |       |     4 ||     4
    Use: Scroll            |     2 |     3 |       ||     5
         Potion            |       |     1 |       ||     1
   Stab: Paralysed         |       |       |     2 ||     2
 Armour: Animal skin       |    31 |    37 |     8 ||    76
         Skin              |       |     4 |       ||     4
  Dodge: Dodged            |    58 |    47 |    34 ||   139
   Form: Beast             |       |     1 |       ||     1

Table legend: (Time is in decaauts)
 A = Elapsed time spent in this place.
 B = Non-inter-level travel time spent in this place.
 C = Inter-level travel time spent in this place.
 D = Time resting spent in this place.
 E = Time spent auto-exploring this place.
 F = Levels seen in this place.
 G = Mean time per level.
                   A        B        C        D        E       F      G
               +--------+--------+--------+--------+--------+-----+--------+
         Total |   3677 |   3359 |    318 |    347 |   2247 |   7 |  525.3 |
       Dungeon |   3622 |   3311 |    311 |    347 |   2247 |   6 |  603.7 |
        Temple |     55 |     48 |      7 |      0 |      0 |   1 |   55.0 |
               +--------+--------+--------+--------+--------+-----+--------+

Top non-repeatable levels by time:
     D:4: 1022 daAuts
     D:5: 890 daAuts
     D:3: 622 daAuts
     D:1: 558 daAuts
     D:2: 481 daAuts
  Temple: 55 daAuts
     D:6: 46 daAuts
